Cogmind - Beta 16 @@@ ROGUE MODE // 2026.01.20 @ 00:58:03 Player: Ifrit Result: Destroyed by H-55 Commando with Assault Rifle Performance ------------- Evolutions (1) 500 Regions Visited (4) 800 Robots Destroyed (61) 305 Value Destroyed (1677) 1677 Prototype IDs (8) 160 Alien Tech Used (0) 0 Bonus (378) 378 TOTAL SCORE: 3820 Bonus ------- High Alert Combat Kills 27 Follower Combat Kills 151 Entered Garrisons 200 Cogmind --------- Core Integrity 0/400 Matter 298/300 Energy 95/100 System Corruption 1% Temperature Cool (0) Movement Core (100) Ox1 Location -9/Garrison Parts ------- > --- POWER (1) -------- (None) > --- PROPULSION (3) --- (None) > --- UTILITY (3) ------ Hacking Suite > --- WEAPON (2) ------- Maul Heavy Hammer > --- INVENTORY (5) ---- Ion Engine Aluminum Leg Aluminum Leg Beam Rifle Grenade Launcher Peak State ------------ > --- POWER ------------ Ion Engine > --- PROPULSION ------- VTOL Module VTOL Module VTOL Module > --- UTILITY ---------- Hacking Suite Drone Bay Drone Bay > --- WEAPON ----------- Small Laser Spread Laser > --- INVENTORY -------- VTOL Module Drone Bay Drone Bay Grenade Launcher Rocket Launcher [Rating: 24] Favorites ----------- Power Ion Engine Engine Ion Engine Power Core Light Nuclear Core Propulsion VTOL Module Treads Light Treads Leg Aluminum Leg Wheel Wheel Hover Unit Backup Propulsion I Flight Unit VTOL Module Utility Hacking Suite Device Heat Sink Storage Large Storage Unit Processor Improved Targeting Computer Hackware Hacking Suite Protection Medium Armor Plating Weapon Grenade Launcher Energy Gun Medium Laser Ballistic Gun Assault Rifle Ballistic Cannon Light Cannon Launcher Grenade Launcher Special Weapon Mining Laser Impact Weapon Heavy Hammer Build | -11 -10 -9 -9 -9 ------- Run | Yrd Mat Mat Sto Gar Slots Evolved 2 | . . 2 . . Power . | . . . . . Propulsion 1 | . . 1 . . Utility 1 | . . 1 . . Weapon . | . . . . . Parts Attached 61 | 5 20 6 27 3 Power 9 | 1 2 . 5 1 Engine 8 | 1 2 . 5 . Core 1 | . . . . 1 Reactor . | . . . . . Propulsion 17 | 2 5 1 9 . Treads 3 | . . . 3 . Leg 6 | . 2 . 4 . Wheel 3 | 2 1 . . . Hover 1 | . . . 1 . Flight 4 | . 2 1 1 . Utility 22 | . 9 3 8 2 Device 10 | . 4 1 4 1 Storage 2 | . 2 . . . Processor 3 | . 1 2 . . Hackware 1 | . . . 1 . Protection 6 | . 2 . 3 1 Artifact . | . . . . . Weapon 13 | 2 4 2 5 . Energy Gun 6 | 1 2 . 3 . Energy Cannon . | . . . . . Ballistic Gun 1 | 1 . . . . Ballistic Cannon 1 | . 1 . . . Launcher 2 | . . 2 . . Special Weapon 1 | . 1 . . . Impact Weapon 2 | . . . 2 . Slashing Weapon . | . . . . . Piercing Weapon . | . . . . . Special Melee Weapon . | . . . . . Unidentified Prototypes 1 | . . . . 1 Parts Lost 15 | . 1 . 7 7 Power 1 | . . . . 1 Propulsion 5 | . . . 2 3 Utility 6 | . 1 . 2 3 Weapon 3 | . . . 3 . Highest Loss Streak 6 | . 1 . 4 6 To Critical Strikes . | . . . . . Average Backups 4 | . 6 4 3 4 Power . | . . 1 1 1 Propulsion . | . 1 1 . 1 Utility . | . 1 . . . Weapon 1 | . 2 1 1 2 Tool/Special . | . . . . . Unused Backups 21 | . 10 2 6 3 Power . | . . . . . Propulsion 5 | . 3 . . 2 Utility 7 | . 4 . 3 . Weapon 7 | . 3 1 2 1 Tool/Special 2 | . . 1 1 . Average Slot Usage (%) 91 | . 96 98 87 93 Engine 11 | . 14 11 11 8 Treads 2 | . . . 2 20 Leg 7 | . 5 . 8 8 Wheel 5 | . 19 . . . Hover 2 | . . . 3 . Flight 8 | . 2 32 10 . Device 8 | . 4 13 10 10 Storage 2 | . 7 . . . Processor 3 | . . 18 3 . Hackware 5 | . . . 9 11 Protection 8 | . 12 . 7 10 Energy Gun 8 | . 12 13 5 . Ballistic Cannon 3 | . 10 . . . Launcher 4 | . . 8 7 . Impact Weapon 5 | . . . 6 22 Peak Build Rating 24 | 5 10 15 24 22 Average Rating 12 | 3 7 13 14 19 On Entrance 8 | . 5 9 14 16 Avg Prop Armor Cover (%) 6 | . 5 . 5 9 Naked Turns . | . . . . . Heaviest Build 33 | 7 33 11 26 22 Greatest Support 40 | 20 26 12 40 40 Greatest Overweight (x) 7 | . 7 . 2 5 Average Overweight (x) . | . . . . . Largest Inventory Capacity 15 | 5 15 5 5 5 Average Capacity 6 | 5 8 5 5 5 Most Carried 14 | 2 14 5 5 5 Average Carried 4 | . 6 4 3 4 Final Capacity 5 | 5 5 5 5 5 Final Carried 5 | 2 5 5 5 5 Class Distribution -------------------- 57% | Mutant 15% | Commander-Mutant 13% | Sprinter 13% | Scavenger-Mutant Dominant Class ---------------- Mutant | -10/Materials Sprinter | -9/Materials Mutant | -9/Storage Scavenger-Mutant | -9/Garrison Resources | -11 -10 -9 -9 -9 ----------- Run | Yrd Mat Mat Sto Gar Matter Collected 1500 | 253 404 10 777 56 Remotely . | . . . . . Salvage Created 1457 | 34 502 46 705 170 Parts 80 | 1 32 3 41 3 Haulers Intercepted . | . . . . . Recyclers Shooed 1 | . . . 1 . Parts Field Recycled . | . . . . . Retrieved Matter . | . . . . . Parts Self-Destructed . | . . . . . Prevented . | . . . . . Parts Restored . | . . . . . Kills | -11 -10 -9 -9 -9 ------- Run | Yrd Mat Mat Sto Gar Combat Hostiles Destroyed 50 | 1 15 4 24 6 Melee 4 | . . . 2 2 Guns 18 | 1 10 . 7 . Cannons 5 | . 5 . . . AOE 18 | . . 4 14 . Classes Destroyed 8 | 1 3 1 3 . Worker 3 | . . . 3 . Builder 2 | . . . 2 . Recycler 1 | . . . 1 . Operator 2 | . 1 . 1 . Watcher 3 | . 1 1 1 . Swarmer 13 | . 3 . 7 3 Grunt 30 | 1 12 3 13 1 Sentry 7 | . . 1 4 2 Best Kill Streak 10 | 1 5 3 10 3 Combat Bots Only 7 | 1 5 3 7 3 Max Kills in Single Turn 3 | 1 1 2 3 1 Gunslinging . | . . . . . Exploded 3 | . . 2 3 . Melee 1 | . . . 1 1 Uniques/NPCs Destroyed . | . . . . . Combat | -11 -10 -9 -9 -9 -------- Run | Yrd Mat Mat Sto Gar Hostile Shots Fired 308 | 1 55 14 122 116 Missed 83 | . 12 6 35 30 Hits 225 | 1 43 8 87 86 Projectile 225 | 1 43 8 87 86 Critical Strikes 3 | . . . 1 2 Damage Taken 2901 | 12 613 102 1152 1022 Core 546 | . 145 14 152 235 Absorbed by Shields . | . . . . . Regen/Repaired (Parts) 253 | . 38 . 183 32 Core Remaining (%) 71 | 100 42 . . . Volleys Fired 104 | 1 49 9 45 . Largest 2 | 2 2 2 2 . Hottest 130 | 70 130 70 121 . Shots Fired 191 | 2 96 13 80 . Gun 128 | 2 62 4 60 . Cannon 31 | . 31 . . . Launcher 29 | . . 9 20 . Special 3 | . 3 . . . Kinetic 48 | 1 47 . . . Thermal 114 | 1 49 4 60 . Explosive 29 | . . 9 20 . Electromagnetic . | . . . . . Robot Hit Streak 16 | 2 12 9 16 . Robot Miss Streak 11 | . 3 1 11 . Penetration Max . | . . . . . Secondary Targets 1 | . . . 1 . Max Gunslinging Chain 1 | . . . 1 . Shots Hit Robots 150 | 2 58 9 67 14 Core Hits 95 | 1 27 9 57 1 Critical Kills 2 | . . . 1 1 Critical Parts Destroyed 7 | . . . 3 4 Critical Strikes 14 | . 5 . 4 5 Burn 4 | . 4 . . . Blast 1 | . 1 . . . Smash 9 | . . . 4 5 Melee Attacks 34 | . . . 15 19 Impact 34 | . . . 15 19 Slashing . | . . . . . Piercing . | . . . . . Sneak Attacks 2 | . . . 2 . Combat Hostiles . | . . . . . Follow-up Attacks 4 | . . . 1 3 Damage Inflicted 4447 | 28 865 684 2358 512 Guns 1152 | 28 534 22 568 . Cannons 298 | . 298 . . . Explosions 1937 | . 33 662 1242 . Melee 1058 | . . . 546 512 Ramming 2 | . . . 2 . Kinetic 467 | 15 452 . . . Thermal 1105 | 13 380 144 568 . Explosive 1815 | . 33 540 1242 . Electromagnetic . | . . . . . Impact 1058 | . . . 546 512 Slashing . | . . . . . Piercing . | . . . . . Highest Corruption 1 | . . . 1 1 Average Corruption 1 | . . . 1 1 Corruption Purged . | . . . . . Corruption Blocked . | . . . . . Effects 4 | . . . 1 3 Matter Fused 2 | . . . . 2 Parts Rejected 1 | . . . 1 . Data Loss (minor) 1 | . . . . 1 Overload Shots . | . . . . . Overflow Damage 392 | . . 1 186 205 Projectiles . | . . . . . Explosions 1 | . . 1 . . Melee 391 | . . . 186 205 Knockbacks 9 | . 4 . 2 3 Impact 5 | . . . 2 3 Kinetic 4 | . 4 . . . Secondary . | . . . . . Self-Inflicted Damage 257 | . 121 . 136 . Shots 7 | . 2 . 5 . Rammed . | . . . . . Targets Rammed 1 | . . . 1 . Kicked 1 | . . . 1 . Crushed . | . . . . . Highest Temperature 421 | 9 390 30 421 2 Average Temperature 134 | 6 114 12 167 2 Received Heat Transfer 822 | 6 213 42 366 195 Effects 8 | . 3 . 5 . Shutdowns 3 | . 1 . 2 . Energy Bleed 1 | . . . 1 . Interference 2 | . 2 . . . Matter Decay 1 | . . . 1 . Short Circuit 1 | . . . 1 . Siege Activations . | . . . . . Martial Activations . | . . . . . Shielding Activations . | . . . . . Robots Disrupted . | . . . . . Combat Hostiles . | . . . . . Robots Corrupted 7 | . . . 3 4 Combat Hostiles 5 | . . . 1 4 Parts Fried 4 | . . . 2 2 Impact Corruptions 17 | . . . 7 10 Robots Melted . | . . . . . Combat Hostiles . | . . . . . Parts Melted 9 | . 5 . 4 . Heat Transferred 2738 | 37 1406 150 1145 . Parts Sabotaged . | . . . . . Parts Stolen . | . . . . . Parts Stripped . | . . . . . Power Chain Reactions . | . . . . . Alert | -11 -10 -9 -9 -9 ------- Run | Yrd Mat Mat Sto Gar Maximum Alert Level 2 | . . 1 2 1 Low Security (%) 59 | 100 100 94 34 36 Level 1 35 | . . 5 55 63 Level 2 5 | . . . 9 . Level 3 . | . . . . . Level 4 . | . . . . . Level 5 . | . . . . . High Security . | . . . . . Max Security . | . . . . . Peak Influence 459 | 20 148 220 459 249 Initial 191 | . 6 33 88 191 Average 175 | 3 75 84 242 202 Influence Increases 2046 | 20 525 297 1026 178 Destroy 0b10 Robot/C 1100 | 20 300 80 540 160 Destroy 0b10 Robot/NC 55 | . 10 5 40 . Destroy Leader 266 | . 72 32 152 10 Allied During Kill 48 | . . . 40 8 Successful Hack 93 | . 35 15 43 . Disable Machine 150 | . 60 45 45 . Destroy Structure 154 | . 18 60 76 . Partial Spotted 60 | . 15 45 . . Lose Combat Pursuer 120 | . 15 15 90 . Influence Decreases 1827 | 10 454 168 942 253 Entered New Map 277 | . 4 48 122 103 Time Decay 1180 | 10 440 120 610 . Lost Part 150 | . 10 . 70 70 Lost Ally 220 | . . . 140 80 Squads Dispatched 16 | . 5 2 9 . Investigation 11 | . 4 2 5 . Extermination . | . . . . . Reinforcement 5 | . 1 . 4 . Assault . | . . . . . Garrison . | . . . . . Intercept . | . . . . . Searches Triggered . | . . . . . Construction Impeded 1 | . . . 1 . Haulers Reinforced . | . . . . . Active Scanning Responses . | . . . . . Cargo Convoy Interrupts . | . . . . . Stealth | -11 -10 -9 -9 -9 --------- Run | Yrd Mat Mat Sto Gar Distress Signals 4 | . 1 . 3 . Communications Jammed . | . . . . . Distress Signals . | . . . . . Times Spotted 82 | 1 26 9 35 11 Peak Tracking Total 7 | 1 5 3 7 5 Tactical Retreats 6 | . 1 1 4 . Traps | -11 -10 -9 -9 -9 ------- Run | Yrd Mat Mat Sto Gar Traps Triggered 5 | . 1 . 3 1 Indirectly . | . . . . . Trap Hack Attempts . | . . . . . Triggered . | . . . . . Disarmed . | . . . . . Reprogrammed . | . . . . . Reused . | . . . . . Traps Extracted . | . . . . . Installed . | . . . . . Triggered . | . . . . . Machines | -11 -10 -9 -9 -9 ---------- Run | Yrd Mat Mat Sto Gar Machines Disabled 10 | . 4 3 3 . Max in Single Turn 3 | . 1 3 1 . Machines Repaired . | . . . . . Machines Dismantled . | . . . . . Machines Sabotaged . | . . . . . Overloaded Fab Kills . | . . . . . Hacking | -11 -10 -9 -9 -9 --------- Run | Yrd Mat Mat Sto Gar Machines Accessed 26 | . 9 4 13 . Terminals 19 | . 6 4 9 . Fabricators . | . . . . . Repair Stations 3 | . 1 . 2 . Recycling Units 3 | . 2 . 1 . Scanalyzers . | . . . . . Garrison Access 1 | . . . 1 . Total Hacks 86 | . 27 17 42 . Successful 54 | . 16 8 30 . Failed 32 | . 11 9 12 . Catastrophic 7 | . 3 2 2 . Database Lockouts . | . . . . . Manual 23 | . 2 9 12 . Terminals 60 | . 18 17 25 . Fabricators . | . . . . . Repair Stations 16 | . 6 . 10 . Recycling Units 6 | . 3 . 3 . Scanalyzers . | . . . . . Garrison Access 4 | . . . 4 . Terminal Hacks 39 | . 11 8 20 . Record 7 | . 4 . 3 . Robot Schematic 1 | . . . 1 . Robot Analysis 1 | . . . 1 . Prototype ID Bank 5 | . 1 3 1 . Open Door 2 | . . . 2 . Emergency Access Points 1 | . . 1 . . Scanalyzer Index 1 | . 1 . . . Alert Level 3 | . 1 1 1 . Locate Traps 3 | . 1 1 1 . Dispatch Records 2 | . 1 . 1 . Maintenance Status 1 | . . . 1 . Investigation Status 1 | . . . 1 . Reinforcement Status 1 | . . . 1 . Recall Investigation 3 | . . 1 2 . Hauler Manifests 1 | . . . 1 . Registered Components 1 | . 1 . . . Zone Layout 5 | . 1 1 3 . Fabricator Hacks . | . . . . . Repair Station Hacks 10 | . 2 . 8 . Scan Component 4 | . 1 . 3 . Repair 4 | . 1 . 3 . Refit 2 | . . . 2 . Recycling Unit Hacks 3 | . 3 . . . Report Inventory 2 | . 2 . . . Retrieve Components 1 | . 1 . . . Scanalyzer . | . . . . . Garrison Access Hacks 2 | . . . 2 . Unlock Access 1 | . . . 1 . Coupler Status 1 | . . . 1 . Unauthorized Hacks . | . . . . . Terminals . | . . . . . Fabricators . | . . . . . Repair Stations . | . . . . . Recycling Units . | . . . . . Scanalyzers . | . . . . . Garrison Access . | . . . . . Data Cores Recovered . | . . . . . Used . | . . . . . Hacking Detections 20 | . 6 4 10 . Full Trace Events 17 | . 6 4 7 . Feedback Events 1 | . . . 1 . Corruption 1 | . . . 1 . Feedback Blocked . | . . . . . Robot Schematics Acquired 1 | . . . 1 . Robots Built . | . . . . . Authchips . | . . . . . Time . | . . . . . Total Robot Build Rating . | . . . . . Part Schematics Acquired . | . . . . . Parts Built . | . . . . . Authchips . | . . . . . Time . | . . . . . Total Part Build Rating . | . . . . . Part Studies Acquired . | . . . . . Parts Repaired 4 | . 1 . 3 . Time 103 | . 13 . 90 . Parts Recycled . | . . . . . Recycled Matter . | . . . . . Retrieved Matter . | . . . . . Retrieved Components 10 | . 10 . . . Parts Scanalyzed . | . . . . . Part Schematics Acquired . | . . . . . Parts Damaged . | . . . . . Bothacking | -11 -10 -9 -9 -9 ------------ Run | Yrd Mat Mat Sto Gar Used RIF Installer . | . . . . . Robots Hacked . | . . . . . Non-combat . | . . . . . Combat . | . . . . . Robot Hacks Applied . | . . . . . Relay Couplers Released . | . . . . . Fabnet Peak Effective % . | . . . . . Robots Rewired . | . . . . . Allies Hacked . | . . . . . Hacks Repelled . | . . . . . Allies | -11 -10 -9 -9 -9 -------- Run | Yrd Mat Mat Sto Gar Total Allies 10 | . . . 10 . Largest Group 10 | . . . 10 4 Highest-Rated Group 88 | . . . 88 40 Highest-Rated Ally 16 | . . . 16 16 Total Orders 3 | . . . 3 . FOLLOW 1 | . . . 1 . RETURN 2 | . . . 2 . Ally Attacks 64 | . . . 37 27 Total Damage 603 | . . . 378 225 Kills 5 | . . . 3 2 Allies Corrupted . | . . . . . Allies Melted . | . . . . . Intel | -11 -10 -9 -9 -9 ------- Run | Yrd Mat Mat Sto Gar Active Infowar (turns) 612 | . 163 244 205 . Terrain 577 | . 128 244 205 . Structural 35 | . 35 . . . Seismic 55 | . . 55 . . Robot Analysis Total 1 | . . . 1 . Derelict Logs Recovered . | . . . . . Drone Launches 6 | . . . 6 . Drone Recoveries 4 | . . . 4 . Exploration | -11 -10 -9 -9 -9 ------------- Run | Yrd Mat Mat Sto Gar Turns Passed 3676 | 63 1096 244 1986 287 Spaces Moved 2450 | 69 813 434 1000 134 Core 131 | 15 . . 112 4 Treads 231 | . . . 135 96 Legs 257 | . 29 . 194 34 Wheels 668 | 54 614 . . . Hover 256 | . . . 256 . Flight 907 | . 170 434 303 . Fastest Speed 29 | 50 32 29 29 160 Average Speed 103 | 73 88 29 141 170 Slowest Speed 600 | 80 600 29 250 300 Overloaded Moves . | . . . . . Propulsion Burnouts . | . . . . . Robots Hopped 6 | . 4 1 1 . Potential Cave-ins . | . . . . . Cave-ins Triggered . | . . . . . Exploration Rate (%) 45 | 5 81 24 84 31 Regions Visited 4 Branch Regions 1 Pre-discovered Areas . | . . . . . Known Exits Taken 1 | . . . 1 . Unknown Exits Taken 3 | 1 1 1 . . Scrap Searched . | . . . . . Spaces Dug 33 | . 2 31 . . Terrain Destroyed 179 | . 18 66 95 . Melee . | . . . . . Projectile 2 | . 2 . . . AOE 177 | . 16 66 95 . Terrain Rammed . | . . . . . Walls Destroyed . | . . . . . Machines Disabled . | . . . . . Actions | -11 -10 -9 -9 -9 --------- Run | Yrd Mat Mat Sto Gar Total 3309 | 76 1081 535 1456 161 Wait 546 | . 164 75 307 . Move 2434 | 68 804 431 997 134 Hop 6 | . 4 1 1 . Pick Up 37 | 2 19 5 9 2 Fast Attach 23 | 5 6 2 10 . Attach 6 | . 2 . 2 2 Detach 1 | . . . 1 . Swap 49 | . 17 7 23 2 Drop 41 | . 16 5 20 . Fire 104 | 1 49 9 45 . Melee 30 | . . . 14 16 Ram . | . . . . . Kick 1 | . . . 1 . Crush . | . . . . . Escape Stasis 31 | . . . 26 5 Rewire . | . . . . . Trap . | . . . . . Miscellaneous . | . . . . . Route ------- -11/Scrapyard -10/Materials (discovered 3 exits: *Mat x2 / [*Min]) -9/Materials (discovered 2 exits: [*Mat] / *Sto) -9/Storage (discovered 3 exits: [*Mat] / [Rec] / Gar) -9/Garrison History --------- Turn | Location | Event 2 | -11/Scrapyard | Met Revision 17 47 | -11/Scrapyard | Discovered new exit (range 8) 64 | -11/Scrapyard | Entered Materials 325 | -10/Materials | Build established: Mutant 390 | -10/Materials | Repaired Wheel 464 | -10/Materials | Discovered new exit (range 3) 594 | -10/Materials | Core integrity fell below 50% 719 | -10/Materials | Discovered new exit (range 18) 970 | -10/Materials | Discovered new exit (range 16) 1160 | -10/Materials | Entered another Materials area 1160 | -9/Materials | Evolved 2 slots: Propulsion x1, Utility x1 1378 | -9/Materials | Discovered new exit (range 16) 1395 | -9/Materials | Discovered new exit (range 11) 1404 | -9/Materials | Entered Storage 1426 | -9/Storage | Build established: Sprinter 1434 | -9/Storage | Repaired Grenade Launcher 1459 | -9/Storage | Discovered new exit (range 10) 2014 | -9/Storage | Destroyed 7 combat bots 2024 | -9/Storage | Lost 4 parts (1n2u1w) 2128 | -9/Storage | Identified exit to Garrison 2317 | -9/Storage | Repaired Hvy. Hammer 2376 | -9/Storage | Build established: Mutant 2674 | -9/Storage | Discovered new exit (range 16) 2781 | -9/Storage | Assisted by bots powering up and referring to "LRC-V3" 3001 | -9/Storage | Lost 5 allies 3031 | -9/Storage | Found Prototype Protection 3069 | -9/Storage | Build established: Commander-Mutant 3137 | -9/Storage | Repaired Imp. Ion Engine 3390 | -9/Storage | Entered Garrison 3390 | -9/Garrison | Accompanied by 4 allies 3424 | -9/Garrison | Triggered checkpoint 3447 | -9/Garrison | Identified Lgt. Regenerative Plating 3530 | -9/Garrison | Triggered checkpoint 3567 | -9/Garrison | Lost 3 allies 3570 | -9/Garrison | Triggered checkpoint 3593 | -9/Garrison | Core integrity fell below 50% 3606 | -9/Garrison | Triggered checkpoint 3636 | -9/Garrison | Triggered checkpoint 3662 | -9/Garrison | Core integrity fell below 20% 3677 | -9/Garrison | Destroyed by H-55 Commando with Assault Rifle Last Messages --------------- 03659_ Slug penetrates Reinforced Barrier. 03659_ Imp. Heat Sink destroyed. 03660_ S-10 Pest suffers critical hit (Smash). 03660_ Destroyed Flight Unit. 03660_ S-10 Pest system corrupted by crushing effect. 03660_ Lgt. Assault Rifle fried. 03660_ S-10 Pest destroyed. 03661_ Slug penetrates Reinforced Barrier. 03667_ Lgt. Nuclear Core destroyed. 03668_ H-55 Commando knocked back. 03670_ Slug penetrates Wall. 03670_ Aluminum Leg destroyed. 03670_ Penetrated by Slug. 03672_ System corrupted: Matter fused (-7). 03673_ Hvy. Hammer follow-up attack on H-55 Commando. 03674_ Penetrated by Slug. 03676_ Lgt. Regenerative Plating destroyed. 03677_ Destroyed Lgt. Nuclear Core. 03677_ H-55 Commando system corrupted by crushing effect. 03677_ Penetrated by Slug. Map ----- +----------------------------------------------------+ | ?????????????????????????????????????????????????? | | ?????????????????????????????????????????????????? | | ###""""#########?????????????????????????????????? | | ?????????????????????????????????? | | ??????????????????????????????????? | | ???????????????????????????????????? | | ## ## #????????????????????????????????????? | | ## ^## #????????????????????????????????????? | | ^ ^^ ????????????????????????????????????? | | ! ^ ????????????????????????????????????? | | = ????????????????????????????????????? | | ????????????????????????????????????? | | ## ## #????????????????????????????????????? | | ## ## ############?????????????????????????? | | %* = [ #?????????????????????????? | | ! %*%= #?????????????????????????? | | ! #?????????????????????????? | | ###% [############# #?????????????????????????? | | ??# =%#???????????+ #??????????#??????????????? | | ??######???????????# #?????????!#??????????????? | | ???????????????????# #???????? !???????????????? | | ???????????????????# #???????? #???????????????? | | ???????????????????# #??????? #???????????????? | | ???????????????????# ######## #???????????????? | | ???????????????????# h ^ #???????????????? | | ???????????????????# h @ #???????????????? | | ???????????????????# ####* ####???????????????? | | ???????????????????# #??#%%%#??????????????????? | | ???????????????????# #??#####??????????????????? | | ???????????????????# #?????????????????????????? | | ???????????????????# #?????????????????????????? | | ???????????????????# #?????????????????????????? | | ???????????????????# #?????????????????????????? | | ???????????????????# #?????????????????????????? | | ???????????????????# ??????????????????????????? | | ???????????????????# ??????????????????????????? | | ???????????????????# ??????????????????????????? | | ???????????????????# ??????????????????????????? | | ???????????????????# #??????????????????????????? | | ?????????????????????????????????????????????????? | | ?????????????????????????????????????????????????? | | ?????????????????????????????????????????????????? | | ?????????????????????????????????????????????????? | | ?????????????????????????????????????????????????? | | ?????????????????????????????????????????????????? | | ?????????????????????????????????????????????????? | | ?????????????????????????????????????????????????? | | ?????????????????????????????????????????????????? | | ?????????????????????????????????????????????????? | | ?????????????????????????????????????????????????? | +----------------------------------------------------+ Best States ------------- Heat Dissipation 50 Energy Generation 14 Energy Capacity 265 Matter Stores 370 Matter Capacity 400 Sight Range 16 Terrain Scan Range 14 Terrain Scan Density 85 Armor Coverage 450 Evasion (%) 64 Targeting Accuracy 6 Recoil Reduction 2 Offensive Hacking 10 Item Schematics ----------------- None Robot Schematics ------------------ G-34 Mercenary | -9/Storage | Hacked Fabricated ------------ Nothing Repaired ---------- Wheel | 5% | -10/Materials Grenade Launcher | 15% | -9/Storage Hvy. Hammer | 28% | -9/Storage Imp. Ion Engine | 44% | -9/Storage Studied --------- None Alien Tech Used ----------------- None Achievements -------------- DATA ERROR: Steam Global Achievement% Fitting Room Ghost 'Em GoHome() Party Time Power Corrupts Risk Taker Shopping List The More The Merrier Challenges ------------ None Game ------ Seed SubatomicLinearDisplacer Manual? 0 Play Time 01:17:55 Cumulative 4.2 hours Start 2026.01.19 @ 23:41:08 End 2026.01.20 @ 00:58:03 Sessions 1 Manual Loads 0 Difficulty Rogue Special Mode None Game No. 2 Rogue 2 Adventurer 0 Explorer 0 Win Type - Total 0 Types 0/0/0/0/0/0/0/0/0/0 Lore% 1 Gallery% 6 Achievement% 8 Wizard Run 0 Options --------- Layout 0 ASCII 0 Keyboard 1 Movement Arrows Keybinds 0 Fullscreen 2 Font 24/Tamsyn Map View 76x50 Zoom Use 0% Tactical HUD 1 Map Filters NONE Filters NONE Steam 1 RUN: 94a439d5-7ae8-4b6a-8fcd-66e5323318b9